 Dungeon Crawl Stone Soup version 0.13-a0-2531-g2ad9301 (webtiles) character file.

95 Kae the Firebug (level 3, -1/19 HPs)
             Began as a Tengu Fire Elementalist on July 26, 2013.
             Slain by a gnoll
             ... wielding a +0,+0 flail
              (2 damage)
             ... on Level 2 of the Dungeon.
             The game lasted 00:00:49 (678 turns).

Kae the Firebug (Tengu Fire Elementalist)            Turns: 678, Time: 00:00:50

HP  -1/19        AC  6     Str  8      XL: 3   Next: 89%
MP   3/6         EV 10     Int 16      God:
Gold 42          SH  0     Dex 14      Spells:  1 memorised,  3 levels left

Res.Fire  : . . .   See Invis. : .   k - +4,+0 elf whip (freeze)
Res.Cold  : . . .   Warding    : .   d - +3 leather armour
Life Prot.: . . .   Conserve   : .   (no shield)
Res.Poison: .       Res.Corr.  : .   (helmet restricted)
Res.Elec. : .       Clarity    : .   (no cloak)
Sust.Abil.: . .     Spirit.Shd : .   (no gloves)
Res.Mut.  : .       Stasis     : .   (boots unavailable)
Res.Rott. : .       Flight     : .   (no amulet)
Saprovore : . . .                    (no ring)
                                     (no ring)

@: very slightly contaminated, not resistant to hostile enchantments, fairly
stealthy
A: beak, talons 3
a: no special abilities


You were on level 2 of the Dungeon.
You were not hungry.

You visited 1 branch of the dungeon, and saw 2 of its levels.

You collected 22 gold pieces.

Inventory:

Hand weapons
 e - a +0,+0 club (quivered)
 k - a +4,+0 elven whip of freezing (weapon)
Armour
 a - a +0 robe
 d - a +3 leather armour (worn)
Comestibles
 c - a bread ration
Scrolls
 g - a scroll of enchant weapon I {unknown}
 h - a scroll of curse jewellery {unknown}
 j - a scroll of noise {unknown}
 m - a scroll of remove curse {unknown}
Potions
 f - a potion of speed {unknown}
 i - a potion of might {unknown}
 l - a potion of brilliance {unknown}
 n - a potion of restore abilities {unknown}
 o - a potion of mutation {unknown}
Books
 b - a book of Flames

   Spells                             Type                      Level
   *Flame Tongue                      Conjuration/Fire             1
   Throw Flame                        Conjuration/Fire             2
   Conjure Flame                      Conjuration/Fire             3
   Inner Flame                        Hexes/Fire                   3
   Sticky Flame                       Conjuration/Fire             4
   Fireball                           Conjuration/Fire             5


   Skills:
 - Level 2.1 Dodging
 * Level 2.8 Stealth
 + Level 1.2 Spellcasting
 * Level 3.3 Conjurations
 + Level 3.7 Fire Magic


You had 3 spell levels left.
You knew the following spells:

 Your Spells              Type           Power        Failure   Level  Hunger
a - Flame Tongue          Conj/Fire      ##...        8%          1    ##.....


Dungeon Overview and Level Annotations

Branches:
Dungeon (2/27)

Altars:
Ashenzari


Innate Abilities, Weirdness & Mutations

You have a beak for a mouth.
You have claws for feet.


Message History

The flame hits the gnoll.
The gnoll is heavily wounded.
Casting: Flame Tongue
Confirm with . or Enter, or press ? or * to list all spells.
Aiming: Flame Tongue
Press: ? - help, Shift-Dir - straight line, f/p - gnoll
Aim: a gnoll, wielding a flail (heavily wounded)
The flame hits the gnoll.
The gnoll is almost dead.
The gnoll hits you with a flail.
* * * LOW HITPOINT WARNING * * *
Casting: Flame Tongue
Confirm with . or Enter, or press ? or * to list all spells.
Aiming: Flame Tongue
Press: ? - help, Shift-Dir - straight line, f/p - gnoll
Aim: a gnoll, wielding a flail (almost dead)
You miscast Flame Tongue.
You are very lightly contaminated with residual magic.
Nothing appears to happen.
The gnoll hits you with a flail.
You die...

#.<.......#
#####.###.###.#
#.....# #.#
#.....###.##
#..........##
#.....#.....#
........##...## #
#######.###.###.######
#......@g.......
#####.########## #.#
#.# #.# #.# #.# ... .


You could see a gnoll.

Vanquished Creatures
  3 gnolls (D:2)
  4 bats (D:1)
  5 goblins (D:1)
  4 hobgoblins (D:1)
  6 kobolds (D:1)
  A giant gecko (D:1)
  3 rats (D:1)
26 creatures vanquished.

Notes
Turn   | Place    | Note
--------------------------------------------------------------
     0 | D:1      | Kae, the Tengu Fire Elementalist, began the quest for the Orb.
     0 | D:1      | Reached XP level 1. HP: 10/10 MP: 3/3
   169 | D:1      | Reached XP level 2. HP: 12/15 MP: 5/5
   380 | D:1      | Found a shattered altar of Ashenzari.
   602 | D:1      | Reached XP level 3. HP: 16/19 MP: 6/6
   678 | D:2      | Slain by a gnoll

Action                   || total
-------------------------++-------
Melee: Unarmed           ||     8
       Club              ||    35
       Whip              ||    14
 Cast: Flame Tongue      ||     9
 Stab: Sleeping          ||     1
